 Dungeon Crawl Stone Soup version 0.32-a0-450-g080537f31e (webtiles) character file.

Game seed: 3589487494948208764

1426 Aldia the Apothecary (level 8, -2/52 HPs)
             Began as an Octopode Alchemist on Feb 24, 2024.
             Slain by an ufetubus (4 damage)
             ... on level 6 of the Dungeon.
             The game lasted 00:09:59 (6378 turns).

Aldia the Apothecary (Octopode Alchemist)           Turns: 6378, Time: 00:09:59

Health: -2/52      AC:  1    Str:  8    XL:     8   Next: 72%
Magic:  10/15      EV: 13    Int: 19    God:
Gold:   281        SH:  0    Dex: 12    Spells: 3/17 levels left

rFire   . . .        a - +0 short sword (drain)
rCold   . . .        (no shield)
rNeg    . . .        (helmet restricted)
rPois   .            (no amulet)
rElec   .            (no ring)
rCorr   .            (no ring)
SInv    .            (no ring)
Will    .....        (no ring)
Stlth   +++          (no ring)
HPRegen 0.28/turn    (no ring)
MPRegen 0.14/turn    (no ring)
                     (no ring)

%: no passive effects
@: no status effects
A: almost no armour, amphibious, 8 rings, camouflage 1, gelatinous body 1,
(nimble swimmer 1), tentacles
a: no special abilities


You were on level 6 of the Dungeon.
You visited 2 branches of the dungeon, and saw 7 of its levels.

You collected 281 gold pieces.

Inventory:

Hand Weapons
 a - a +0 short sword of draining (weapon)
 o - a +0 short sword
Magical Staves
 b - a staff of death
Jewellery
 k - an amulet of faith
Wands
 j - a wand of mindburst (12)
 m - a wand of iceblast (5)
 p - a wand of paralysis (5)
Scrolls
 d - 4 scrolls of teleportation
 g - a scroll of fear
 l - a scroll of revelation {unknown}
 n - a scroll of enchant weapon {unknown}
Potions
 c - 3 potions of curing
 e - a potion of haste
 f - 4 potions of attraction
 h - a potion of enlightenment
 i - a potion of lignification
 q - a potion of ambrosia


   Skills:
 + Level 3.4 Fighting
 + Level 3.3 Dodging
 - Level 4.0 Stealth
 + Level 5.0 Spellcasting
 - Level 2.0 Conjurations
 - Level 3.0 Air Magic
 * Level 7.9 Alchemy


You had 3 spell levels left.
You knew the following spells:

 Your Spells              Type           Power      Damage    Failure   Level
a - Sting                 Conj/Alch      92%        1d8       1%          1
b - Mercury Vapours       Alch/Air       50%        N/A       1%          2
c - Mephitic Cloud        Conj/Alch/Air  21%        N/A       6%          3
d - Olgreb's Toxic Radia  Alch           35%        N/A       4%          4
e - Sticky Flame          Fire/Alch      19%        2d6       24%         4

Your spell library contained the following spells:

 Spells                   Type           Power      Damage    Failure   Level


Dungeon Overview and Level Annotations

Branches:
Dungeon (6/15)             Temple (1/1) D:6

Altars:
Ashenzari
Cheibriados
Elyvilon
Fedhas
Kikubaaqudgha
Makhleb
Nemelex Xobeh
Okawaru
Qazlal
Ru
Trog
Uskayaw
Vehumet
Wu Jian
Yredelemnul
Zin
The Shining One


Innate Abilities, Weirdness & Mutations

You cannot wear most types of armour.
You are amphibious.
You can wear up to eight rings at the same time.
Your skin changes colour to match your surroundings (Stealth+).
Your rubbery body absorbs attacks. (AC +1, EV +1)
((You are camouflaged when in or above water. (Stealth+)))
You have tentacles for arms and can constrict up to eight enemies at once.


Message History

The ufetubus is heavily wounded.
The ufetubus barely misses you. The ufetubus hits you.
* * * LOW HITPOINT WARNING * * *
You closely miss the ufetubus. Your grab misses the ufetubus.
The ufetubus is heavily wounded.
The ufetubus hits you.
* * * LOW HITPOINT WARNING * * *
The ufetubus hits you.
* * * LOW HITPOINT WARNING * * *
The ufetubus closely misses you. The ufetubus barely misses you.
Okay, then.
You have lost your religion!
The ufetubus completely misses you. The ufetubus barely misses you.
Unknown command.
Unknown command.
You sense an unholy aura.
a - a +0 short sword of draining (weapon)
The ufetubus barely misses you. x2
Casting: Sting (safe; 1% risk of failure)
Confirm with . or Enter, or press ? or * to list all spells.
Aiming: Sting (safe; 1% risk of failure)
Press: ? - help, Shift-Dir - straight line, f - ufetubus
Aim: an ufetubus (heavily wounded, 60% to hit)
The sting hits the ufetubus but does no damage.
The ufetubus is poisoned.
The ufetubus is heavily wounded.
The ufetubus hits you.
* * * LOW HITPOINT WARNING * * *
The ufetubus barely misses you. The ufetubus closely misses you.
The ufetubus barely misses you.
Unknown command.
Casting: Sting (safe; 1% risk of failure)
Confirm with . or Enter, or press ? or * to list all spells.
Aiming: Sting (safe; 1% risk of failure)
Press: ? - help, Shift-Dir - straight line, f/p - ufetubus
Aim: an ufetubus (severely wounded, poisoned, 60% to hit)
The sting misses the ufetubus.
The ufetubus hits you.
* * * LOW HITPOINT WARNING * * *
The ufetubus hits you.
You die...

##. .#.#. ... ...
### #.# ##.## ..
##...##
#..##.#.#.##
##..##..#.#..##
###..##.#.#.#†#5##
.....#.##.#.#.##@#
.....#.##.#.#.##.#
.....#.#.##.##.#.#
.....#..##...##..#
#
.....#.##..#..##.#
.#
......##..###..##.
.# .>...##..##
##..##..#
.....#..##
##..#..# .......##
##....#


You could see an ufetubus (poisoned).

Vanquished Creatures
  A water moccasin (D:5)
  2 black bears
  An ice beast (D:5)
  An ogre (D:5)
  A kobold brigand (D:6)
  5 scorpions
  4 hounds
  A bombardier beetle (D:6)
  A sleepcap (D:5)
  9 iguanas
  11 adders
  5 ufetubi (D:6)
  A ribbon worm (D:1)
  2 dart slugs
  4 orcs
  8 endoplasms
  4 giant cockroaches
  6 goblins
  5 hobgoblins
  3 jackals (D:2)
  A quokka (D:1)
  A ball python (D:4)
  7 bats
  9 frilled lizards
  14 kobolds
  5 rats
112 creatures vanquished.

Notes
Turn   | Place    | Note
-------+----------+-------------------------------------------
     0 | D:1      | Aldia the Octopode Alchemist began the quest for the Orb.
     0 | D:1      | Reached XP level 1. HP: 11/11 MP: 3/3
    79 | D:1      | Reached XP level 2. HP: 5/17 MP: 1/5
   126 | D:1      | Learned a level 2 spell: Mercury Vapours
   888 | D:2      | Reached XP level 3. HP: 22/22 MP: 6/6
   903 | D:2      | Learned a level 3 spell: Mephitic Cloud
   964 | D:2      | Found Lul Uduz's Distillery.
  1026 | D:2      | Found a stormy altar of Qazlal.
  1288 | D:2      | Reached skill level 1 in Air Magic
  1288 | D:2      | Reached skill level 4 in Alchemy
  1397 | D:2      | Reached skill level 1 in Fighting
  1397 | D:2      | Reached XP level 4. HP: 28/28 MP: 7/7
  2257 | D:3      | Reached XP level 5. HP: 29/33 MP: 5/9
  2947 | D:4      | Noticed a black bear
  2956 | D:4      | Killed a black bear
  2957 | D:4      | Reached XP level 6. HP: 36/39 MP: 4/11
  2966 | D:4      | Reached skill level 5 in Alchemy
  3459 | D:4      | Noticed a +0 spear
  3461 | D:4      | Noticed a +0 short sword
  3461 | D:4      | Noticed a +0 dagger
  3461 | D:4      | Noticed a +0 falchion
  3466 | D:4      | Noticed a +0 short sword
  3470 | D:4      | Noticed a +0 falchion
  3471 | D:4      | Noticed a +0 dagger
  3471 | D:4      | Noticed a +0 spear
  3472 | D:4      | Found a hide-covered altar of Uskayaw.
  3791 | D:4      | Learned a level 4 spell: Olgreb's Toxic Radiance
  3806 | D:5      | Entered Level 5 of the Dungeon
  3822 | D:5      | Reached XP level 7. HP: 45/45 MP: 12/12
  4054 | D:5      | Reached skill level 6 in Alchemy
  4150 | D:5      | Learned a level 4 spell: Sticky Flame
  4459 | D:5      | Found a radiant altar of Vehumet.
  4483 | D:5      | Reached XP level 8. HP: 52/52 MP: 14/14
  4613 | D:5      | Reached skill level 7 in Alchemy
  5843 | D:6      | Found a staircase to the Ecumenical Temple.
  5852 | Temple   | Entered the Ecumenical Temple
  5872 | Temple   | Became a worshipper of Elyvilon the Healer
  6243 | D:6      | Reached skill level 5 in Spellcasting
  6375 | D:6      | Fell from the grace of Elyvilon
  6378 | D:6      | HP: 2/52 [ufetubus (4)]
  6378 | D:6      | Slain by an ufetubus

Illustrated notes

Levels and vault maps discovered:
D:1:      noname_arrival_rooms_in_the_neighbourhood, layout_basic
D:2:      layout_loops_corners, basic_altar, serial_shops, shop
D:3:      layout_basic, grunt_ministairs_7, nicolae_elevator_lobby_plus
D:4:      layout_basic, nicolae_uskayaw_en_pointe, minmay_lizard_king
D:5:      layout_layer_cave, mainiacjoe_overflow_concentric_impassable
D:6:      layout_rooms, minmay_temple_entry_mini_moons, minmay_parallelograms
Temple:   nicolae_temple_superstar

Skill      XL: |  1  2  3  4  5  6  7  8 |
---------------+-------------------------+-----
Stealth        | 3 4 |  4.0
Air Magic      | 1 2 3 |  3.0
Alchemy        | 4 5 6 7 |  7.9
Fighting       | 1 2 3 |  3.4
Spellcasting   | 3 4 5 |  5.0
Conjurations   | 2 |  2.0
Dodging        | 3 |  3.3

Action                     |  1- 3 |  4- 6 |  7- 9 || total
---------------------------+-------+-------+-------++-------
  Melee: Unarmed           |     9 |       |     7 ||    16
         Tentacles         |    13 |    20 |    24 ||    57
         Constrict         |    14 |    27 |    17 ||    58
         Short sword       |    50 |   102 |    78 ||   230
   Cast: Sting             |    10 |    15 |    38 ||    63
         Mercury Vapours   |       |     4 |     3 ||     7
         Mephitic Cloud    |       |     1 |     1 ||     2
 Invoke: Renounce Religion |       |       |     1 ||     1
  Evoke: Wand              |       |       |     2 ||     2
    Use: Potion            |     1 |       |       ||     1
         Scroll            |     1 |     4 |     4 ||     9
   Stab: Sleeping          |    16 |     9 |     4 ||    29
         Confused          |       |     2 |       ||     2
         Distracted        |       |     1 |       ||     1
 Armour: Skin              |    19 |    38 |    75 ||   132
  Dodge: Dodged            |    42 |    65 |   113 ||   220

Table legend: (Time is in decaauts)
 A = Elapsed time spent in this place.
 B = Non-inter-level travel time spent in this place.
 C = Inter-level travel time spent in this place.
 D = Time resting spent in this place.
 E = Time spent auto-exploring this place.
 F = Levels seen in this place.
 G = Mean time per level.
                   A        B        C        D        E       F      G
               +--------+--------+--------+--------+--------+-----+--------+
         Total |   6377 |   6076 |    301 |     49 |   5194 |   7 |  911.0 |
       Dungeon |   6339 |   6070 |    269 |     49 |   5194 |   6 | 1056.5 |
        Temple |     37 |      5 |     32 |      0 |      0 |   1 |   37.0 |
               +--------+--------+--------+--------+--------+-----+--------+

Top non-repeatable levels by time:
     D:5: 1769 daAuts
     D:4: 1053 daAuts
     D:2: 984 daAuts
     D:3: 973 daAuts
     D:1: 853 daAuts
     D:6: 704 daAuts
  Temple: 37 daAuts
